 Dungeon Sprint DCSS version 0.17-a0-1778-gd369669 (webtiles) character file.

5026 pipel the Fighter (level 10, 0/156 HPs)
             Began as a Hill Orc Monk on Sept 8, 2015.
             Was the Champion of Beogh.
             Slain by an orc knight
             ... wielding a +0 battleaxe
              (13 damage)
             ... in the Dungeon (Sprint VII: "The Pits").
             The game lasted 00:11:43 (2516 turns).

pipel the Fighter (Hill Orc Monk)                   Turns: 2516, Time: 00:11:47

Health: 0/156      AC: 25    Str: 23    XL:     10   Next: 55%
Magic:  1/15       EV: 12    Int: 10    God:    Beogh [******]
Gold:   0          SH:  0    Dex: 13    Spells: 0 memorised, 9 levels left

rFire  . . .     SeeInvis .     a - +1 battleaxe (chop)
rCold  . . .     Clarity  .     F - +3 plate armour
rNeg   . . .     SustAt   .     (no shield)
rPois  .         Gourm    .     G - +0 helmet
rElec  .         Spirit   .     (no cloak)
rCorr  .         Warding  .     H - +0 pair of gloves
rMut   .         NoTele   +     (no boots)
MR     .....                    (no amulet)
Stlth  ..........               (no ring)
                                (no ring)

@: berserking, very quick, not resistant to hostile enchantments, extremely
unstealthy
A: walk on water
a: Smiting, Recall Orcish Followers, Give Item to Named Follower, Renounce
Religion


You were in the Dungeon.
You worshipped Beogh.
Beogh was exalted by your worship.
You were not hungry.

You visited 1 branch

Inventory:

Hand weapons
 a - a +1 battleaxe of chopping (weapon)
 d - a +0 halberd
 j - a +2 trident
 v - a +2 hand axe
 w - a +0 trident of piercing
 y - a +0 glaive
 D - a +2 hand axe of chopping
 E - a +2 halberd of protection
 I - a +2 war axe of chopping
Missiles
 n - 9 stones (quivered)
 t - 2 throwing nets
Armour
 i - a +0 robe
 x - a +2 plate armour
 F - a +3 plate armour (worn)
 G - a +0 helmet (worn)
 H - a +0 pair of gloves (worn)
Magical staves
 b - an uncursed staff of energy
Jewellery
 z - a +3 ring of dexterity
 B - a +3 ring of strength
Scrolls
 h - a scroll of blinking
 p - 3 scrolls of remove curse
 q - 5 scrolls of amnesia
 r - a scroll of summoning
 s - 2 scrolls of vulnerability
Potions
 c - 7 potions of curing
 e - a potion of haste
 f - 4 potions of magic
 g - 2 potions of berserk rage
 m - 2 potions of invisibility
 u - 5 potions of heal wounds
 A - a potion of brilliance
 C - 2 potions of agility
Comestibles
 k - 40 fruits
 l - 7 meat rations
 o - 8 bread rations
 J - 5 chunks of flesh


   Skills:
 + Level 14.5 Fighting
 + Level 13.2 Axes
 - Level 0.8 Throwing
 * Level 14.0 Armour
 + Level 10.3 Dodging
 - Level 1.6 Stealth
 - Level 4.3 Unarmed Combat
 + Level 7.2 Invocations


You had 9 spell levels left.
You didn't know any spells.

Dungeon Overview and Level Annotations

Branches:
Dungeon (1/1)

Altars:
Ashenzari
Cheibriados
Dithmenos
Elyvilon
Fedhas
Gozag
Kikubaaqudgha
Makhleb
Nemelex Xobeh
Okawaru
Qazlal
Ru
Sif Muna
Trog
Vehumet
Xom
Yredelemnul
Zin
The Shining One
Beogh
Jiyva
Lugonu


Message History

The ice devil is almost dead.
Something closely misses your orc.
Unknown command.
You slice the ice devil!!
You kill the ice devil!
Beogh accepts your kill.
Your Armour skill increases to level 14!
Your Invocations skill increases to level 7!
Agrik looks more experienced.
Your orc warrior looks more experienced. x2
Your orc barely misses something.
Your orc hits the orc warrior but does no damage.
Your orc hits something with a hand axe.
You hit the orc knight.
The orc knight is lightly wounded.
Something hits your orc!
Your orc dies!
The orc knight hits you with a battleaxe!
You die...
Beogh appreciates the orc knight's killing of a heretic priest.

...........#
.#..#......#
...........+
...........+
.#..#......#
...........#
####''###### ..##''#
##### ########
..##..###...###o@oGR.#
..##.).##...##oo##o..#
..###.^)##'##..##
).'.# ..#
##).)[).....# )#..
..###..###)###...# # .
..##..##...))##..#
####..'...o.).'..+
####..##..o..##..#
..###..###o###...#


You could see an orc knight, an eye of draining, an efreet, an orc warrior
(frenzied), 2 friendly orc warriors and the friendly Agrik the orc warrior.

Vanquished Creatures
  Harold (D)
  Erica (D)
  An ice devil (D)
  An orc knight (D)
  A gargoyle (D)
  A spiny frog (D)
  A fire drake (D)
  A giant leech (D)
  A fire bat (D)
  A water moccasin (D)
  4 vampire mosquitoes (D)
  An orc warrior (D)
  A sky beast (D)
  A necrophage (D)
  A brain worm (D)
  A quasit (D)
  8 wights (D)
  An iron imp (D)
  A gnoll shaman (D)
  A hell rat (D)
  5 gnolls (D)
  2 river rats (D)
  2 ufetubi (D)
  2 worms (D)
  A giant gecko (D)
  2 orcs (D)
  A ball python (D)
  2 bats (D)
  A giant cockroach (D)
  A hobgoblin (D)
  A ball python skeleton (D)
50 creatures vanquished.

Vanquished Creatures (collateral kills)
  A jumping spider (D)
  A mummy (D)
  An ufetubus (D)
  An orc (D)
4 creatures vanquished.

Vanquished Creatures (others)
  An orc warrior (D)
  3 orc priests (D)
  2 orc wizards (D)
  13 orcs (D)
19 creatures vanquished.

Grand Total: 73 creatures vanquished

Notes
Turn   | Place    | Note
--------------------------------------------------------------
     0 | D        | pipel the Hill Orc Monk began the quest for the Orb.
     0 | D        | Reached XP level 1. HP: 19/19 MP: 1/1
    28 | D        | Found a sacrificial altar of Ru.
    28 | D        | Found a basalt altar of Yredelemnul.
    28 | D        | Found a glowing golden altar of the Shining One.
    28 | D        | Found a deep blue altar of Sif Muna.
    28 | D        | Found a burning altar of Makhleb.
    28 | D        | Found an ancient bone altar of Kikubaaqudgha.
    28 | D        | Found a glowing silver altar of Zin.
    29 | D        | Found a shadowy altar of Dithmenos.
    29 | D        | Found a bloodstained altar of Trog.
    29 | D        | Found a shattered altar of Ashenzari.
    29 | D        | Found a white marble altar of Elyvilon.
    29 | D        | Found a snail-covered altar of Cheibriados.
    29 | D        | Found a blossoming altar of Fedhas.
    29 | D        | Found a radiant altar of Vehumet.
    29 | D        | Found a shimmering altar of Xom.
    29 | D        | Found a sparkling altar of Nemelex Xobeh.
    29 | D        | Found a corrupted altar of Lugonu.
    29 | D        | Found a viscous altar of Jiyva.
    29 | D        | Found a roughly hewn altar of Beogh.
    29 | D        | Found an iron altar of Okawaru.
    33 | D        | Found a stormy altar of Qazlal.
    34 | D        | Found an opulent altar of Gozag.
    35 | D        | Became a worshipper of Beogh the Brigand
    35 | D        | Acquired Beogh's first power
    35 | D        | Acquired Beogh's second power
    58 | D        | Noticed a brain worm
    66 | D        | Killed a brain worm
    66 | D        | Reached skill level 7 in Fighting
    66 | D        | Reached skill level 1 in Axes
    66 | D        | Reached skill level 5 in Dodging
    66 | D        | Reached XP level 2. HP: 13/34 MP: 2/2
    66 | D        | Reached XP level 3. HP: 14/39 MP: 3/3
    66 | D        | Reached XP level 4. HP: 16/47 MP: 4/4
   305 | D        | Acquired Beogh's third power
   344 | D        | Noticed a wight
   344 | D        | Noticed a wight
   344 | D        | Noticed a wight
   344 | D        | Noticed a wight
   379 | D        | Killed a wight
   379 | D        | Reached skill level 8 in Fighting
   381 | D        | Killed a wight
   381 | D        | Reached XP level 5. HP: 16/56 MP: 5/5
   644 | D        | Killed a wight
   644 | D        | Reached skill level 9 in Fighting
   703 | D        | Killed a wight
   703 | D        | Acquired Beogh's fourth power
   703 | D        | Reached skill level 10 in Fighting
   703 | D        | Reached XP level 6. HP: 61/66 MP: 6/6
   722 | D        | Noticed a wight
   729 | D        | Reached skill level 1 in Armour
   732 | D        | HP: 1/66 [wight/flail (12)]
   741 | D        | HP: 2/66 [wight/flail (2)]
   742 | D        | Killed a wight
  1107 | D        | Noticed a wight
  1107 | D        | Noticed a gnoll shaman
  1108 | D        | Noticed a wight
  1108 | D        | Noticed a water moccasin
  1139 | D        | Killed a wight
  1139 | D        | Acquired Beogh's fifth power
  1190 | D        | Killed a gnoll shaman
  1190 | D        | Reached skill level 1 in Invocations
  1211 | D        | Noticed an iron imp
  1212 | D        | Noticed a sky beast
  1222 | D        | Killed an iron imp
  1226 | D        | Killed a sky beast
  1226 | D        | Reached skill level 11 in Fighting
  1226 | D        | Reached XP level 7. HP: 56/74 MP: 6/8
  1264 | D        | Noticed a wight
  1274 | D        | Killed a wight
  1274 | D        | Reached skill level 5 in Axes
  1280 | D        | Killed a water moccasin
  1280 | D        | Reached skill level 5 in Armour
  1282 | D        | Killed a wight
  1431 | D        | Noticed Harold
  1460 | D        | Killed Harold
  1460 | D        | Reached skill level 12 in Fighting
  1460 | D        | Reached XP level 8. HP: 43/85 MP: 8/10
  1636 | D        | Noticed a necrophage
  1636 | D        | Noticed a quasit
  1644 | D        | Killed a quasit
  1644 | D        | Reached skill level 10 in Dodging
  1663 | D        | Killed a necrophage
  1671 | D        | Noticed a fire bat
  1671 | D        | Noticed a vampire mosquito
  1671 | D        | Noticed a vampire mosquito
  1671 | D        | Noticed a vampire mosquito
  1672 | D        | Noticed a vampire mosquito
  1681 | D        | Killed a vampire mosquito
  1690 | D        | Killed a vampire mosquito
  1690 | D        | Reached XP level 9. HP: 75/92 MP: 11/11
  1706 | D        | Killed a vampire mosquito
  1706 | D        | Reached skill level 10 in Armour
  1709 | D        | Killed a fire bat
  1709 | D        | Reached skill level 13 in Fighting
  1709 | D        | Reached skill level 10 in Axes
  1715 | D        | Killed a vampire mosquito
  1941 | D        | Noticed Erica
  1948 | D        | Noticed a giant leech
  1958 | D        | Killed Erica
  1971 | D        | Killed a giant leech
  1991 | D        | Noticed a red devil
  2177 | D        | Noticed an orc priest
  2177 | D        | an orc priest (ally) was killed
  2180 | D        | Noticed a jumping spider
  2182 | D        | Noticed a gargoyle
  2182 | D        | Noticed an orc knight
  2185 | D        | Killed a jumping spider
  2186 | D        | Noticed an orc warrior
  2197 | D        | Killed a gargoyle
  2197 | D        | Reached skill level 5 in Invocations
  2197 | D        | Reached XP level 10. HP: 74/102 MP: 13/13
  2199 | D        | Killed an orc warrior
  2277 | D        | Killed an orc knight
  2277 | D        | Reached skill level 14 in Fighting
  2439 | D        | Noticed a hell rat
  2440 | D        | Killed a hell rat
  2442 | D        | Noticed a fire drake
  2448 | D        | Killed a fire drake
  2492 | D        | Noticed an eye of draining
  2493 | D        | Noticed a hell rat
  2493 | D        | Noticed a spiny frog
  2494 | D        | Noticed an ice devil
  2495 | D        | Noticed an efreet
  2500 | D        | Noticed an orc warrior
  2505 | D        | an orc warrior (ally) was killed
  2505 | D        | Gained Agrik as an ally
  2506 | D        | Noticed an orc knight
  2508 | D        | Noticed an orc warrior
  2508 | D        | Killed a spiny frog
  2509 | D        | Noticed an orc warrior
  2515 | D        | Killed an ice devil
  2516 | D        | Slain by an orc knight

Vault maps used:
D:        pitsprint

Action                   |  1- 3 |  4- 6 |  7- 9 | 10-12 || total
-------------------------+-------+-------+-------+-------++-------
Melee: Hand axe          |     8 |   101 |   117 |       ||   226
       Unarmed           |     1 |       |       |       ||     1
       War axe           |       |       |    41 |    17 ||    58
       Battleaxe         |       |       |       |    25 ||    25
Throw: Stone             |       |     8 |     6 |       ||    14
Invok: Smiting           |       |     2 |     4 |     6 ||    12
  Use: Potion            |       |     2 |     3 |     2 ||     7
 Stab: Sleeping          |     2 |       |       |       ||     2
       Distracted        |       |     1 |       |       ||     1
  Eat: Chunk             |       |     2 |     5 |     1 ||     8
